 Dungeon Crawl Stone Soup version 0.21-a0-178-g0b87683 (console) character file.

8522 Duffy the Cleaver (level 11, -3/84 HPs)
             Began as a Formicid Fighter on Aug 9, 2017.
             Was a High Priest of Cheibriados.
             Slain by a troll (12 damage)
             ... on level 10 of the Dungeon.
             The game lasted 00:17:20 (12059 turns).

Duffy the Cleaver (Formicid Fighter)               Turns: 12059, Time: 00:17:20

Health: -3/84      AC: 17    Str: 41    XL:     11   Next: 57%
Magic:  15/15      EV:  8    Int: 20    God:    Cheibriados [*****.]
Gold:   626        SH: 16    Dex: 23    Spells: 10/10 levels left

rFire    . . .     SeeInvis +   C - +1 war axe (chop)
rCold    + . .     Gourm    .   c - +1 shield
rNeg     . . .     Faith    .   D - +0 plate armour {rC+}
rPois    .         Spirit   .   (helmet unavailable)
rElec    .         Reflect  .   L - +0 cloak
rCorr    .         Harm     .   y - +0 pair of gloves
MR       +....     Clarity  +   (no boots)
Stlth    ..........             E - amulet of magic regeneration
HPRegen  0.24/turn              p - +3 ring of strength
MPRegen  0.39/turn              P - +2 ring of protection

@: very slow
A: permanent stasis, dig shafts and tunnels, four strong arms, antennae 3,
clarity, wild magic 1
a: Dig, Shaft Self, Bend Time, Temporal Distortion, Slouch, Step From Time,
Renounce Religion


You were on level 10 of the Dungeon.
You worshipped Cheibriados.
Cheibriados was extremely pleased with you.
You were hungry.

You visited 3 branches of the dungeon, and saw 12 of its levels.
You also visited: Sewer.

You collected 626 gold pieces.

Inventory:

Hand Weapons
 a - a +0 war axe
 v - a +2 dire flail of protection
 C - a +1 war axe of chopping (weapon)
Missiles
 u - 6 javelins (quivered)
 F - 2 throwing nets
Armour
 c - a +1 shield (worn)
 y - a +0 pair of gloves (worn)
 D - a +0 plate armour of cold resistance (worn)
 L - a +0 cloak (worn)
Jewellery
 b - an uncursed ring of fire
 m - an uncursed ring of protection from cold
 p - a +3 ring of strength (left hand)
 E - an amulet of magic regeneration (around neck)
 P - a +2 ring of protection (right hand)
Wands
 k - a wand of confusion (27/48)
 l - a wand of acid (12/15)
 x - a wand of flame (21/48)
 B - a wand of polymorph (11/24)
 N - a wand of flame (21/48)
 O - a wand of iceblast (6/15)
Scrolls
 g - 8 scrolls of remove curse
 h - 3 scrolls of fear
 r - a scroll of enchant weapon
 t - a scroll of fog
 z - 2 scrolls of enchant armour
 G - a scroll of magic mapping
 J - 2 scrolls of immolation
Potions
 d - 5 potions of might
 e - 3 potions of mutation
 j - a potion of cancellation {unknown}
 o - 6 potions of curing
 s - 4 potions of flight
 w - a potion of brilliance {unknown}
 A - 2 potions of heal wounds
 H - 4 potions of lignification
 I - 3 potions of ambrosia
 K - a potion of resistance {unknown}
 M - 3 potions of invisibility
Comestibles
 f - 8 bread rations
 i - 6 royal jellies
 n - 6 meat rations
 q - 26 fruits
 Q - 4 chunks of flesh


   Skills:
 + Level 7.4 Fighting
 + Level 11.0 Axes
 + Level 7.2 Armour
 - Level 10.0 Shields
 + Level 6.0 Invocations
 - Level 5.0 Evocations


You had 10 spell levels left.
You didn't know any spells.

Dungeon Overview and Level Annotations

Branches:
Dungeon (10/15)            Temple (1/1) D:4            Lair (0/6) D:10
    Orc (1/2) D:10

Altars:
Ashenzari
Cheibriados
Dithmenos
Elyvilon
Fedhas
Gozag
Hepliaklqana
Kikubaaqudgha
Makhleb
Nemelex Xobeh
Okawaru
Qazlal
Ru
Sif Muna
Trog
Uskayaw
Vehumet
Wu Jian
Xom
Yredelemnul
Zin
The Shining One

Shops:
D:9 }


Innate Abilities, Weirdness & Mutations

You cannot be hasted, slowed, berserked, paralysed or teleported.
You can dig through walls and to a lower floor.
Your four strong arms can wield two-handed weapons with a shield.
You have a pair of large antennae on your head. (SInv)
You possess an exceptional clarity of mind.
Your spells are a little harder to cast, but a little more powerful.


Message History

The orc warrior hits you but does no damage.
You see here a hand axe.
The troll closely misses you. The troll claws you but does no damage.
You block the troll's attack. You block the orc warrior's attack.
The troll bites you but does no damage. You block the troll's attack.
The troll claws you but does no damage.
Press: ? - help, v - describe, . - travel
Here: an orc warrior, wielding a scimitar and wearing a plate armour (lightly wounded)
The floor.
The orc warrior hits you with a scimitar!
The troll bites you! The troll claws you but does no damage.
You block the troll's attack. The troll bites you but does no damage.
You block the troll's attack. The troll claws you but does no damage.
The orc warrior closely misses you. The troll bites you. The troll claws you!
The troll claws you. You block the orc warrior's attack.
There is an open door, spattered with blood here.
You block the troll's attack. x2; The troll completely misses you.
The troll bites you!
You die...

#.## #........#
#........# #. ..#
#........#
#........##### #. ###
#........#
####.........#### #
#........#
#.........##.. #
####'#####
#.........##.# # #.#
#.........##.# #####
#.# ##.........##.#
....#####.#
######%....)....##'#
........#.#
##..@To....)>........
........#.#
#..####....).[.......
######....###.##
#............<.
######........#
#..........)...
.....##...#####
#..............
.....##...##
#........).....
......##...#
##.......(.([..
......##...#
###...######[#
.##....##..# #..##
#.#


You could see a troll and an orc warrior.

Vanquished Creatures
  An unseen horror (D:10)
  An ugly thing (D:10)
  Joseph (D:8)
  Prince Ribbit (D:7)
  A hippogriff (D:10)
  Sigmund (D:2)
  2 basilisks (D:10)
  6 yaks (D:10)
  The ghost of Duffy the Shield-Bearer, an amateur FoFi (D:4)
  Grum (D:9)
  Edmund (D:4)
  A warg (D:10)
  3 sky beasts
  A black bear (D:9)
  4 orc warriors
  5 phantoms
  2 wolves (D:9)
  3 centaurs
  10 ogres
  5 bullfrogs
  3 big kobolds
  3 scorpions
  A water moccasin skeleton (D:7)
  4 wights
  3 killer bees (D:9)
  2 howler monkeys (D:4)
  2 vampire bats (D:10)
  A bullfrog zombie (D:9)
  3 crimson imps
  2 centaur zombies (D:5)
  7 orc priests
  2 hounds
  A jelly (D:5)
  12 orc wizards
  3 bullfrog skeletons
  A centaur skeleton (D:5)
  An iguana (D:6)
  Terence (D:2)
  6 worker ants
  2 hound skeletons
  A howler monkey zombie (D:6)
  14 adders
  3 river rats (Sewer)
  A howler monkey skeleton (D:6)
  3 shadow imps
  7 oozes
  4 adder skeletons
  4 worms
  3 leopard geckos
  41 orcs
  6 ball pythons
  6 giant cockroaches
  9 goblins
  6 hobgoblins
  3 jackals
  10 kobolds
  3 quokkas
  18 bats
  4 frilled lizards
  A quokka skeleton (D:9)
  13 rats
271 creatures vanquished.

Notes
Turn   | Place    | Note
-------+----------+-------------------------------------------
     0 | D:1      | Duffy the Formicid Fighter began the quest for the Orb.
     0 | D:1      | Reached XP level 1. HP: 18/18 MP: 1/1
   120 | D:1      | Reached XP level 2. HP: 13/24 MP: 2/2
   561 | D:1      | Reached XP level 3. HP: 29/29 MP: 3/3
   802 | D:2      | Noticed Sigmund
  1173 | D:1      | Reached skill level 3 in Axes
  1526 | D:2      | Reached XP level 4. HP: 35/35 MP: 4/4
  1634 | D:2      | Killed Sigmund
  1634 | D:2      | Reached skill level 4 in Axes
  1634 | D:2      | Reached skill level 5 in Shields
  1634 | D:2      | Reached XP level 5. HP: 41/41 MP: 5/5
  1634 | D:2      | Reached XP level 6. HP: 47/47 MP: 6/6
  1683 | D:2      | Noticed Terence
  1691 | D:2      | Killed Terence
  2008 | D:3      | Found a glowing drain.
  2037 | Sewer    | Entered a sewer
  2285 | Sewer    | Reached skill level 5 in Axes
  2285 | Sewer    | Reached XP level 7. HP: 41/52 MP: 7/7
  3385 | D:3      | Found an ornate altar of the Wu Jian Council.
  3673 | D:4      | Found a staircase to the Ecumenical Temple.
  3729 | Temple   | Entered the Ecumenical Temple
  3808 | Temple   | Became a worshipper of Cheibriados the Contemplative
  3871 | D:4      | Reached skill level 6 in Axes
  4267 | D:4      | Noticed Duffy's ghost (amateur FoFi)
  4299 | D:4      | Killed Duffy's ghost
  4299 | D:4      | Reached XP level 8. HP: 20/58 MP: 8/8
  4788 | D:4      | Reached * piety under Cheibriados
  4830 | D:4      | Found an iron altar of Okawaru.
  4835 | D:4      | Got a pitted hand axe
  4836 | D:4      | Identified the +3 hand axe of the Thirsty Orbs {freeze, +Inv Dex+3} (You found it on level 4 of the Dungeon)
  4953 | D:4      | Noticed Edmund
  4981 | D:4      | Killed Edmund
  4981 | D:4      | Reached skill level 7 in Axes
  5405 | D:5      | Entered Level 5 of the Dungeon
  5498 | D:5      | Reached XP level 9. HP: 57/64 MP: 9/9
  5645 | D:5      | Reached skill level 8 in Axes
  5932 | D:5      | Reached skill level 10 in Shields
  6045 | D:5      | Reached ** piety under Cheibriados
  6045 | D:5      | Reached skill level 1 in Evocations
  6866 | D:6      | Reached skill level 9 in Axes
  7229 | D:6      | Reached *** piety under Cheibriados
  7409 | D:6      | Reached skill level 5 in Evocations
  7409 | D:6      | Reached XP level 10. HP: 59/70 MP: 13/13
  7750 | D:7      | Noticed Prince Ribbit
  7774 | D:7      | Killed Prince Ribbit
  8302 | D:8      | Reached skill level 1 in Invocations
  8456 | D:8      | Noticed Joseph
  8477 | D:8      | Killed Joseph
  8477 | D:8      | Reached skill level 10 in Axes
  8714 | D:8      | You fall through a shaft!
  8855 | D:9      | Found a burning altar of Makhleb.
  8883 | D:9      | Reached skill level 5 in Fighting
  8948 | D:9      | Found Opaxis's Gadget Emporium.
  8995 | D:9      | Reached skill level 5 in Armour
  9074 | D:9      | Reached **** piety under Cheibriados
  9564 | D:8      | Noticed Grum
  9579 | D:9      | Killed Grum
 10222 | D:9      | Gained mutation: Your spells are a little harder to cast, but a little more powerful. [mutagenic meat]
 10574 | D:9      | Reached ***** piety under Cheibriados
 10759 | D:10     | Entered Level 10 of the Dungeon
 10779 | D:10     | Noticed an unseen horror
 10792 | D:10     | Killed an unseen horror
 10792 | D:10     | Reached XP level 11. HP: 83/83 MP: 14/14
 11018 | D:10     | Reached skill level 5 in Invocations
 11155 | D:10     | Found a staircase to the Lair.
 11540 | D:10     | Noticed a brown ugly thing
 11553 | D:10     | Killed a brown ugly thing
 11557 | D:10     | Gained mutation: You possess an exceptional clarity of mind. [mutagenic meat]
 11658 | D:10     | Reached skill level 11 in Axes
 11659 | D:10     | Found a staircase to the Orcish Mines.
 12002 | Orc:1    | Entered Level 1 of the Orcish Mines
 12059 | D:10     | Slain by a troll

Vault maps used:
D:1:      dpeg_arrival_rhombus, minmay_small_reverse_x
D:2:      uniq_sigmund, uniq_terence
D:3:      lemuel_coloured_pillars_altar, cheibrodos_sewer_entry_drain
D:4:      wad_river_or_something, minmay_temple_entry_mist, first_bread,
          okawaru_ov_weapons_minmay, uniq_edmund
D:5:      minmay_misc_feat_x
D:7:      uniq_prince_ribbit1
D:8:      minivault_1, blue_anna_alchemist, uniq_grum, uniq_joseph
D:9:      basic_altar, serial_shops, shop, corexii_leaking_fountain
D:10:     david_lair_generic, david_orc_3, roderic_batcave, nicolae_two_hexagons
Temple:   grunt_wide_crystal_templ
Orc:1:    chequers_guarded_unrand_ignorance, uniq_fannar
Sewer:    sewer_co_tree

Skill      XL: |  1  2  3  4  5  6  7  8  9 10 11 |
---------------+----------------------------------+-----
Shields        | 4 5 6 8 9 10 | 10.0
Axes           | 3 4 5 6 7 9 10 11 | 11.0
Evocations     | 5 |  5.0
Fighting       | 6 7 |  7.4
Armour         | 6 7 |  7.2
Invocations    | 4 6 |  6.0

Action                   |  1- 3 |  4- 6 |  7- 9 | 10-12 || total
-------------------------+-------+-------+-------+-------++-------
Melee: War axe           |   101 |   124 |   474 |   328 ||  1027
 Abil: Dig               |     1 |     3 |     6 |     9 ||    19
       Shaft Self        |       |       |       |     1 ||     1
Evoke: Wand              |       |       |     2 |     3 ||     5
  Use: Scroll            |     3 |     1 |    12 |    11 ||    27
       Potion            |     1 |       |       |       ||     1
 Stab: Confused          |       |       |       |     1 ||     1
  Eat: Chunk             |     2 |    11 |    20 |     4 ||    37
Armor: Scale mail        |    15 |       |       |       ||    15
       Plate armour      |    55 |    60 |   147 |   129 ||   391
Dodge: Dodged            |    26 |    28 |    70 |    75 ||   199
Block: Shield            |    69 |    59 |   294 |   270 ||   692
